 Dungeon Crawl Stone Soup version 0.17.1-1-g73c8601 (webtiles) character file.

44 Goblin1989 the Grave Robber (level 3, 0/17 HPs)
             Began as a Vine Stalker Necromancer on Jan 7, 2016.
             Killed by nerve-wracking pain
             ... invoked by Jessica
              (9 damage)
             ... on level 2 of the Dungeon.
             The game lasted 00:08:09 (1477 turns).

Goblin1989 the Grave Robber (VSNe)                  Turns: 1477, Time: 00:08:09

Health: 0/17       AC:  3    Str: 10    XL:     3   Next: 62%
Magic:  0/7        EV: 12    Int: 16    God:
Gold:   76         SH:  0    Dex: 14    Spells: 3 memorised, 1 level left

rFire  . . .     SeeInvis .     d - +0 dagger
rCold  . . .     Clarity  .     a - +0 robe
rNeg   . . .     SustAt   .     (no shield)
rPois  .         Gourm    .     (no helmet)
rElec  .         Spirit   +     (no cloak)
rCorr  .         Warding  .     m - +0 pair of gloves
rMut   .         Stasis   .     (no boots)
MR     .....                    (no amulet)
Stlth  ++........               (no ring)
                                (no ring)

@: not resistant to hostile enchantments, unstealthy
A: fangs 2, regeneration 1, magic shield, antimagic bite, no device heal 3, rot
immunity
a: no special abilities


You were on level 2 of the Dungeon.
You were not hungry.

You visited 1 branch of the dungeon, and saw 2 of its levels.

You collected 76 gold pieces.

Inventory:

Hand Weapons
 d - a +0 dagger (weapon)
Armour
 a - a +0 robe (worn)
 m - a +0 pair of gloves (worn)
Scrolls
 e - a scroll of fog {unknown}
 g - a scroll of teleportation {unknown}
 h - a scroll of identify {unknown}
 k - a scroll of blinking {unknown}
Potions
 f - a potion of magic {unknown}
 i - a potion of poison {unknown}
 l - a potion of mutation {unknown}
Books
 b - a book of Necromancy

   Spells                             Type                      Level
   a - Pain                           Necromancy                   1
   b - Animate Skeleton               Necromancy                   1
   c - Vampiric Draining              Necromancy                   3
   d - Regeneration                   Charms/Necromancy            3
   e - Animate Dead                   Necromancy                   4
   f - Control Undead                 Necromancy                   4
Comestibles
 c - 3 bread rations
 j - a meat ration
 n - a beef jerky
 o - 2 chunks of flesh


   Skills:
 + Level 0.8 Fighting
 * Level 1.8 Short Blades
 + Level 1.9 Dodging
 - Level 2.4 Stealth
 - Level 2.1 Spellcasting
 + Level 4.2 Necromancy


You had one spell level left.
You knew the following spells:

 Your Spells              Type           Power        Failure   Level  Hunger
a - Pain                  Necr           ###.         4%          1    #......
b - Animate Skeleton      Necr           N/A          4%          1    #......
c - Vampiric Draining     Necr           ###.......   12%         3    ###....


Dungeon Overview and Level Annotations

Branches:
Dungeon (2/15)

Altars:

Annotations:
D:2 Jessica


Innate Abilities, Weirdness & Mutations

You have extremely sharp teeth.
Your natural rate of healing is unusually fast.
When hurt, damage is shared between your health and your magic reserves.
Your bite disrupts and absorbs the magic of your enemies.
Potions and wands cannot restore your health.
You are immune to rotting.


Message History

Magic restored.
Jessica the Apprentice Sorceress comes into view.
Jessica is nearby!
Jessica is nearby!
Jessica zaps a wand.
The magic dart hits you!
It is a wand of magic darts.
Jessica zaps a wand.
The magic dart hits you!
You hit Jessica but do no damage. Your bite misses Jessica. You hit Jessica.
Jessica is moderately wounded.
Jessica closely misses you.
You hit Jessica but do no damage.
Jessica is moderately wounded.
Jessica mumbles something strange.
Jessica barely misses you.
You hit Jessica but do no damage.
Jessica is moderately wounded.
Jessica points at you and mumbles some strange words.
Pain shoots through your body!
Ouch! That really hurt!
You die...

.#
#.###.#.###.#
#.#..# .#
#.#...#Z# #.#
#.#..# .#
#.#.###.# #.#
#.#..# ##
#Z#..<#.# #.#
#.#..#
#.#####.# #.#
#.####
#....Z..#
#.#### #.....
#########
#.#.. ######
#.#@# #.#@#
#Z#Z# #.#Z#
#Z..# ###.#
###


You could see Jessica and 2 friendly bat skeletons.

Vanquished Creatures
  An adder (D:2)
  3 giant cockroaches
  4 hobgoblins
  A ball python (D:1)
  9 bats
  2 giant geckos (D:2)
  2 giant newts (D:1)
  A goblin (D:1)
  2 jackals (D:1)
  5 kobolds
30 creatures vanquished.

Vanquished Creatures (collateral kills)
  A worm (D:2)
  A bat (D:2)
  A kobold (D:2)
  A giant newt (D:2)
4 creatures vanquished.

Grand Total: 34 creatures vanquished

Notes
Turn   | Place    | Note
--------------------------------------------------------------
     0 | D:1      | Goblin1989 the Vine Stalker Necromancer began the quest for the Orb.
     0 | D:1      | Reached XP level 1. HP: 9/9 MP: 4/4
   123 | D:1      | Reached XP level 2. HP: 14/14 MP: 6/6
   126 | D:1      | Learned a level 1 spell: Animate Skeleton
   301 | D:1      | Reached skill level 1 in Short Blades
   827 | D:2      | Reached XP level 3. HP: 8/17 MP: 3/7
   891 | D:2      | Learned a level 3 spell: Vampiric Draining
  1470 | D:2      | Noticed Jessica
  1477 | D:2      | Killed from afar by Jessica

Action                   || total
-------------------------++-------
Melee: Dagger            ||   141
 Cast: Animate Skeleton  ||     9
       Vampiric Draining ||     1
 Stab: Sleeping          ||     4
  Eat: Chunk             ||     2
